 Dungeon Crawl Stone Soup version 0.16.2-12-gd0ad4c3 (webtiles) character file.

239 faibistes the Magician (level 5, 0/28 HPs)
             Began as a Deep Elf Wizard on Dec 30, 2017.
             Engulfed by a cloud of noxious fumes (2 damage)
             ... on level 4 of the Dungeon.
             The game lasted 00:11:13 (4098 turns).

faibistes the Magician (Deep Elf Wizard)            Turns: 4098, Time: 00:11:14

Health: 0/28       AC:  3    Str:  4    XL:     5   Next: 79%
Magic:  8/21       EV: 13    Int: 24    God:
Gold:   187        SH:  0    Dex: 13    Spells: 6 memorised, 4 levels left

rFire  . . .     SeeInvis .     v - +1 dagger (flame)
rCold  + . .     Clarity  .     a - +0 robe
rNeg   . . .     SustAb   .     (no shield)
rPois  .         Gourm    .     b - +0 hat
rElec  .         Spirit   .     (no cloak)
rCorr  .         Warding  .     x - +0 pair of gloves
rMut   .         Stasis   .     (no boots)
MR     .....                    (no amulet)
Stlth  +.........               (no ring)
                                y - ring of protection from cold

@: confused, very slightly contaminated, repel missiles, not resistant to
hostile enchantments, very unstealthy
A: no striking features
a: no special abilities


You were on level 4 of the Dungeon.
You were not hungry.

You visited 1 branch of the dungeon, and saw 5 of its levels.

You collected 187 gold pieces.

Inventory:

Hand weapons
 g - a +0 short sword
 j - a +0 dagger
 v - a +1 dagger of flaming (weapon)
Armour
 a - a +0 robe (worn)
 b - a +0 hat (worn)
 x - a +0 pair of gloves (worn)
Jewellery
 y - a ring of protection from cold (left hand)
Scrolls
 f - 2 scrolls of immolation {unknown}
 l - a scroll of remove curse {unknown}
 p - a scroll of magic mapping {unknown}
 r - a scroll of enchant weapon {unknown}
 t - a scroll of random uselessness {unknown}
 w - a scroll of teleportation {unknown}
Potions
 e - 2 potions of haste
 k - 4 potions of restore abilities
 m - a potion of agility {unknown}
 n - a potion of mutation {unknown}
 o - 2 potions of invisibility
 q - 2 potions of heal wounds
 s - 2 potions of poison {unknown}
 u - a potion of brilliance {unknown}
Books
 c - a book of Minor Magic

   Spells                             Type                      Level
   a - Magic Dart                     Conjuration                  1
   b - Blink                          Translocation                2
   c - Call Imp                       Summoning                    2
   d - Repel Missiles                 Charms/Air                   2
   e - Slow                           Hexes                        2
   f - Conjure Flame                  Conjuration/Fire             3
   g - Mephitic Cloud                 Conjuration/Poison/Air       3
Comestibles
 d - 5 bread rations
 i - 2 meat rations


   Skills:
 + Level 3.7 Dodging
 - Level 2.4 Stealth
 * Level 6.7 Spellcasting
 - Level 3.6 Conjurations
 - Level 1.1 Summonings
 * Level 1.8 Translocations


You had 4 spell levels left.
You knew the following spells:

 Your Spells              Type           Power        Failure   Level  Hunger
a - Magic Dart            Conj           ####         1%          1    None
b - Conjure Flame         Conj/Fire      ###.....     12%         3    None
c - Call Imp              Summ           ##......     10%         2    None
d - Blink                 Tloc           N/A          6%          2    None
e - Mephitic Cloud        Conj/Pois/Air  ##......     17%         3    None
f - Repel Missiles        Chrm/Air       #.....       12%         2    None


Dungeon Overview and Level Annotations

Branches:
Dungeon (5/15)
 Temple: D:4-7

Altars:
Ru


Message History

Casting: Blink
Confirm with . or Enter, or press ? or * to list all spells.
Aiming: Mephitic Cloud
Press: ? - help, Shift-Dir - straight line, f - orc priest
Aim: an orc priest The ball explodes into a vile cloud!
The stinking cloud engulfs the orc priest.
The orc priest is engulfed in noxious fumes.
Casting: Mephitic Cloud
Confirm with . or Enter, or press ? or * to list all spells.
Aiming: Mephitic Cloud
Press: ? - help, Shift-Dir - straight line, f/p - orc priest
Aim: an orc priest That beam is likely to hit you.
Continue anyway?
The ball explodes into a vile cloud!
The stinking cloud engulfs the orc priest.
The stinking cloud engulfs you!
You are engulfed in noxious fumes.
You choke on the stench!
You are confused.
You die...

... #.. #.. #.# #
#.# ### #.##.# ..#
#....# #.#
###########(#
###.#
#....@o§§oo.#
##...##
#.###########
###.....####.#...#
.................#
#........###.#...#
#..#...#># ####.##
#..###.#.# .# #..#
#.#.# # #..###.#.#


You could see an orc priest and 2 orcs.

Vanquished Creatures
  Sigmund (D:2)
  An orc wizard (D:4)
  Jessica (D:3)
  3 adders
  A giant mite (D:3)
  A worm (D:3)
  6 giant geckos
  An ooze (D:3)
  An orc (D:5)
  A ball python (D:2)
  A giant cockroach (D:1)
  8 hobgoblins
  3 jackals (D:2)
  6 kobolds
  A quokka (D:3)
  8 bats
  A giant newt (D:3)
  11 goblins
  5 rats
  3 toadstools (D:1)
64 creatures vanquished.

Vanquished Creatures (collateral kills)
  Ijyb (D:2)
  A worm (D:2)
  A hobgoblin (D:2)
  2 jackals (D:1)
  A rat (D:2)
6 creatures vanquished.

Vanquished Creatures (others)
  A crimson imp (D:2)
  4 toadstools (D:1)
5 creatures vanquished.

Grand Total: 75 creatures vanquished

Notes
Turn   | Place    | Note
--------------------------------------------------------------
     0 | D:1      | faibistes, the Deep Elf Wizard, began the quest for the Orb.
     0 | D:1      | Reached XP level 1. HP: 10/10 MP: 6/6
   419 | D:1      | Reached XP level 2. HP: 15/15 MP: 5/10
   598 | D:1      | Learned a level 2 spell: Blink
   601 | D:1      | Learned a level 2 spell: Call Imp
   696 | D:1      | Reached skill level 5 in Spellcasting
  1389 | D:1      | Reached XP level 3. HP: 19/19 MP: 12/14
  1394 | D:1      | Learned a level 3 spell: Conjure Flame
  1398 | D:1      | Learned a level 3 spell: Mephitic Cloud
  1954 | D:2      | Found a sacrificial altar of Ru.
  1962 | D:2      | Noticed Ijyb
  2161 | D:2      | Noticed Sigmund
  2172 | D:2      | Killed Sigmund
  2172 | D:2      | Reached skill level 6 in Spellcasting
  2172 | D:2      | Reached XP level 4. HP: 12/24 MP: 3/18
  2195 | D:2      | Learned a level 2 spell: Repel Missiles
  2551 | D:2      | Reached XP level 5. HP: 28/28 MP: 18/20
  2574 | D:2      | Killed Ijyb
  2929 | D:3      | Noticed Jessica
  2933 | D:3      | Killed Jessica
  3842 | D:5      | Entered Level 5 of the Dungeon
  4098 | D:4      | Engulfed by a cloud of noxious fumes

Action                   |  1- 3 |  4- 6 || total
-------------------------+-------+-------++-------
Melee: Unarmed           |    17 |       ||    17
       Dagger            |     9 |     4 ||    13
 Cast: Magic Dart        |    84 |    65 ||   149
       Call Imp          |     6 |     3 ||     9
       Mephitic Cloud    |     3 |     6 ||     9
       Conjure Flame     |     2 |       ||     2
       Repel Missiles    |       |     1 ||     1
       Blink             |       |     5 ||     5
  Use: Scroll            |     3 |     1 ||     4
 Stab: Confused          |       |     1 ||     1
       Sleeping          |       |     1 ||     1
  Eat: Chunk             |     4 |     4 ||     8
       Beef jerky        |       |     1 ||     1
